 Dungeon Crawl Stone Soup version 0.27-a0-906-g0a00ce8 (webtiles) character file.

Game seed: 6066878747751989279

54 MrTaco21 the Cudgeller (level 3, 0/23 HPs)
             Began as a Gargoyle Fighter on Apr 6, 2021.
             Slain by an ice beast (8 damage)
             ... on level 2 of the Dungeon.
             The game lasted 00:01:23 (1287 turns).

MrTaco21 the Cudgeller (Gargoyle Fighter)           Turns: 1287, Time: 00:01:24

Health: 0/23       AC: 10    Str: 20    XL:     3   Next: 91%
Magic:  3/3        EV:  7    Int:  8    God:
Gold:   99         SH:  9    Dex:  9    Spells: 2/2 levels left

rFire    . . .     SeeInvis .   a - +0 flail
rCold    . . .     Faith    .   c - +0 kite shield
rNeg     + . .     Spirit   .   b - +0 scale mail
rPois    ∞         Reflect  .   (no helmet)
rElec    +         Harm     .   (no cloak)
rCorr    .         Rampage  .   (no gloves)
Will     .....                  (no boots)
Stlth    ..........             (no amulet)
HPRegen  0.07/turn              (no ring)
MPRegen  0.08/turn              (no ring)

@: no status effects
A: AC +3, negative energy resistance 1, electricity resistance, torment
resistance 1, unbreathing 1, petrification resistance
a: no special abilities


You were on level 2 of the Dungeon.
You visited 1 branch of the dungeon, and saw 2 of its levels.

You collected 99 gold pieces.

Inventory:

Hand Weapons
 a - a +0 flail (weapon)
Armour
 b - a +0 scale mail (worn)
 c - a +0 kite shield (worn)
Scrolls
 g - a scroll of fear {unknown}
 h - a scroll of immolation {unknown}
 j - a scroll of vulnerability {unknown}
 k - a scroll of enchant armour {unknown}
Potions
 d - a potion of might
 e - 2 potions of heal wounds {unknown}
 f - a potion of curing {unknown}
 i - a potion of flight {unknown}


   Skills:
 - Level 3.2 Fighting
 + Level 4.1 Maces & Flails
 - Level 3.2 Armour
 - Level 3.2 Shields


You had 2 spell levels left.
You didn't know any spells.
Your spell library contained the following spells:

 Spells                   Type           Power      Damage    Failure   Level
 Corpse Rot               Necr/Air       N/A        N/A       100%        2
 Dispel Undead            Necr           0%         3d6       100%        4
 Agony                    Necr           0%         N/A       100%        5
 Excruciating Wounds      Necr           0%         N/A       100%        5
 Sublimation of Blood     Necr           Unusable   N/A       N/A         2

Dungeon Overview and Level Annotations

Branches:
Dungeon (2/15)

Altars:


Innate Abilities, Weirdness & Mutations

Your stone body is resilient. (AC +3)
You are immune to poison.
You resist negative energy. (rN+)
You are resistant to electric shocks. (rElec)
You are resistant to unholy torment.
You can survive without breathing.
You are immune to petrification.


Message History

You kill the ball python!
No target in view!
No target in view!
No target in view!
No target in view!
No target in view!
No target in view!
No target in view!
No target in view!
No target in view!
No target in view!
Found 19 gold pieces.
You now have 99 gold pieces (gained 19).
Found a fuming golden potion.
An adder and an ice beast come into view.
Unknown command.
The ice beast hits you but does no damage.
You closely miss the ice beast. The adder bites you but does no damage.
The ice beast hits you but does no damage.
The adder bites you but does no damage. The ice beast closely misses you.
You hit the ice beast. The adder bites you but does no damage.
The ice beast hits you but does no damage.
The adder bites you but does no damage.
You closely miss the ice beast. The adder bites you but does no damage.
The ice beast completely misses you. You block the ice beast's attack.
The adder barely misses you.
You closely miss the ice beast. You block the adder's attack.
The ice beast hits you but does no damage.
You block the adder's attack.
You closely miss the ice beast. The ice beast barely misses you.
The adder bites you but does no damage. You block the ice beast's attack.
You hit the ice beast. The adder bites you but does no damage.
The adder closely misses you. The ice beast hits you.
The ice beast freezes you!
* * * LOW HITPOINT WARNING * * *
You closely miss the ice beast. You block the adder's attack.
The ice beast hits you but does no damage.
The adder bites you.
* * * LOW HITPOINT WARNING * * *
The ice beast hits you but does no damage.
Your shield prevents you from hitting the ice beast.
The adder bites you but does no damage. The adder barely misses you.
The ice beast hits you but does no damage.
Unknown command.
You hit the ice beast but do no damage. The adder barely misses you.
The ice beast barely misses you. The adder bites you but does no damage.
The ice beast hits you.
* * * LOW HITPOINT WARNING * * *
The ice beast freezes you!
You die...

.........+.................#..)##
.........#####.......####......<#
.........# #....##### ##.#.#..#
.........# #....# #...#..#
###.....## #....# ##..#..#
........# #....# #..#..#
........# #....# ##.#..#
........# #....# #.#<.# ........#
#...@# #.##.# ........#
#...SY...... ###.##.# ...##.###
+.!......... #....#.# ...# .#
#........... #....#.. ...# .#
#.##........ #.....## ###. #.
######### #.....## .# #. #.....#
.. #.....## #...#..#


You could see an ice beast and an adder.

Vanquished Creatures
  A gnoll (D:1)
  An adder (D:2)
  3 ball pythons
  2 endoplasms (D:1)
  3 giant cockroaches
  2 goblins (D:2)
  3 hobgoblins (D:1)
  4 jackals (D:1)
  4 kobolds (D:2)
  3 bats
  2 frilled lizards (D:1)
  3 rats (D:1)
31 creatures vanquished.

Notes
Turn   | Place    | Note
-------+----------+-------------------------------------------
     0 | D:1      | MrTaco21 the Gargoyle Fighter began the quest for the Orb.
     0 | D:1      | Reached XP level 1. HP: 14/14 MP: 1/1
    77 | D:1      | Reached XP level 2. HP: 12/19 MP: 2/2
   234 | D:1      | Reached skill level 3 in Maces & Flails
   570 | D:1      | Reached XP level 3. HP: 23/23 MP: 3/3
  1095 | D:2      | Reached skill level 4 in Maces & Flails
  1276 | D:2      | Noticed an ice beast
  1287 | D:2      | Slain by an ice beast

Illustrated notes

Levels and vault maps discovered:
D:1:      shiori_arrival_elements, layout_rooms, hangedman_decor_diamond_cutter,
          dk_noncrumbling_3, chequers_serial_rivers_room_b
D:2:      layout_basic

Skill      XL: |  1  2  3 |
---------------+----------+-----
Maces & Flails | 3 4 |  4.1
Fighting       | |  3.2
Armour         | |  3.2
Shields        | |  3.2

Action                   || total
-------------------------++-------
Melee: Flail             ||    97
Armor: Scale mail        ||    69
Dodge: Dodged            ||    50
Block: Kite shield       ||    58

Table legend: (Time is in decaauts)
 A = Elapsed time spent in this place.
 B = Non-inter-level travel time spent in this place.
 C = Inter-level travel time spent in this place.
 D = Time resting spent in this place.
 E = Time spent auto-exploring this place.
 F = Levels seen in this place.
 G = Mean time per level.
                   A        B        C        D        E       F      G
               +--------+--------+--------+--------+--------+-----+--------+
         Total |   1334 |   1304 |     30 |    126 |    928 |   2 |  667.0 |
       Dungeon |   1334 |   1304 |     30 |    126 |    928 |   2 |  667.0 |
               +--------+--------+--------+--------+--------+-----+--------+

Top non-repeatable levels by time:
     D:1: 866 daAuts
     D:2: 468 daAuts
